 Dungeon Crawl Stone Soup version 0.28.0-53-g5a82cb258f (webtiles) character file.

Game seed: 2995489307553839077

964 gobodom the Skirmisher (level 7, -6/55 HPs)
             Began as a Demonspawn Abyssal Knight on June 7, 2022.
             Was a Priest of Lugonu.
             Mangled by an orc warrior
             ... wielding a +0 trident
              (10 damage)
             ... on level 4 of the Dungeon.
             The game lasted 00:29:13 (4804 turns).

gobodom the Skirmisher (Demonspawn Abyssal Knight)  Turns: 4804, Time: 00:29:14

Health: -6/55      AC:  7    Str: 15    XL:     7   Next: 93%
Magic:  18/18      EV: 13    Int: 12    God:    Lugonu [***...]
Gold:   259        SH:  0    Dex: 13    Spells: 5/6 levels left

rFire   . . .      SeeInvis .   u - +3 rapier (distort)
rCold   + . .      Faith    .   (no shield)
rNeg    . . .      Spirit   .   b - +0 leather armour
rPois   .          Reflect  .   (helmet restricted)
rElec   .          Harm     .   c - scarf {repulsion}
rCorr   .          Rampage  .   (no gloves)
Will    .....                   (no boots)
Stlth   +.........              d - amulet of magic regeneration
HPRegen 0.18/turn               r - ring of magical power
MPRegen 0.56/turn               (no ring)

@: studying Translocations, repel missiles
A: horns 1, icy blue scales 3, foul stench 1, condensation shield
a: Renounce Religion, Depart the Abyss, Bend Space, Banish


You were on level 4 of the Dungeon.
You worshipped Lugonu.
Lugonu was most pleased with you.
You visited 1 branch of the dungeon, and saw 4 of its levels.
You visited the Abyss 2 times.
You also visited: Sewer.

You collected 259 gold pieces.

Inventory:

Hand Weapons
 a - a +1 falchion
 i - a +0 quarterstaff of draining
 u - a +3 rapier of distortion (weapon)
 w - a +2 dagger of flaming
Missiles
 f - 54 stones
 m - 2 poisoned darts (quivered)
 s - a throwing net
Armour
 b - a +0 leather armour (worn)
 c - a scarf of repulsion (worn)
Jewellery
 d - an amulet of magic regeneration (around neck)
 r - a ring of magical power (left hand)
Scrolls
 g - a scroll of magic mapping
 l - a scroll of immolation {unknown}
 n - a scroll of fog {unknown}
 o - a scroll of fear {unknown}
 q - a scroll of blinking {unknown}
 t - a scroll of amnesia {unknown}
 v - a scroll of teleportation
 y - a scroll of identify
Potions
 e - a potion of magic {unknown}
 h - 3 potions of curing
 j - a potion of mutation {unknown}
 k - a potion of lignification
 p - a potion of might
 x - a potion of cancellation {unknown}


   Skills:
 + Level 4.4 Fighting
 + Level 3.0 Long Blades
 + Level 3.7 Staves
 + Level 3.5 Armour
 + Level 3.9 Dodging
 + Level 0.8 Stealth
 + Level 2.4 Shields
 + Level 0.1 Conjurations
 + Level 3.3 Invocations


You had 5 spell levels left.
You knew the following spells:

 Your Spells              Type           Power      Damage    Failure   Level
a - Foxfire               Conj/Fire      0%         2x1d4     36%         1

Your spell library contained the following spells:

 Spells                   Type           Power      Damage    Failure   Level
 Ensorcelled Hibernation  Hex/Ice        0%         N/A       52%         2
 Conjure Flame            Conj/Fire      0%         6-21      75%         3
 Confusing Touch          Hex            0%         N/A       77%         3
 Inner Flame              Hex/Fire       0%         N/A       77%         3
 Spider Form              Tmut/Pois      0%         N/A       77%         3
 Flame Wave               Conj/Fire      0%         2d4       98%         4
 Anguish                  Hex/Necr       0%         N/A       99%         4
 Yara's Violent Unravell  Hex/Tmut       0%         3d3       100%        5
 Enfeeble                 Hex            0%         N/A       100%        7


Dungeon Overview and Level Annotations

Branches:
Dungeon (4/15)              Sewer (visited)
 Temple: D:4-7

Altars:
Zin

Portals:
Abyss: D:4


Innate Abilities, Weirdness & Mutations

You have a pair of small horns on your head.
You are completely covered in icy blue scales. (AC +4, rC+)
You may rarely emit foul miasma when damaged in melee.
A meltable shield of frost defends you. (SH +0)


Message History

Found a short sword.
There is an open door here.
An orc wizard comes into view. It is wielding a +0 dagger.
The orc wizard shouts!
The orc wizard gestures at you while chanting.
You resist with some effort.
An orc comes into view. It is wielding a +0 whip.
The orc wizard gestures at you while chanting.
The puff of flame hits you.
Your condensation shield dissipates!
An orc warrior comes into view. It is wielding a +0 trident.
You see here 14 gold pieces.
The orc wizard gestures wildly while chanting.
The orc wizard flickers and vanishes!
Deactivating autopickup; reactivate with Ctrl-A.
Found a stone staircase leading down.
The orc warrior closely misses you. Something hits you but does no damage.
You see here a +0 short sword.
You barely miss something. Your headbutt misses something.
The orc warrior hits you from afar with a +0 trident!
Something hits you but does no damage.
The orc warrior hits you from afar with a +0 trident.
You miss something. Something hits you but does no damage.
The orc warrior closely misses you.
You hit something.
Space warps around something.
The orc hits you with a +0 whip. Something hits you.
The orc warrior hits you from afar with a +0 trident!
You barely miss something. Your headbutt misses something.
The orc closely misses you. Something hits you.
* * * LOW HITPOINT WARNING * * *
The orc warrior hits you from afar with a +0 trident!
* * * LOW HITPOINT WARNING * * *
You closely miss something. The orc closely misses you.
You hear some strange, mumbled words.
A puff of flame appears from out of thin air!
The puff of flame misses you. The orc warrior barely misses you.
You barely miss something. The orc barely misses you.
Something hits you but does no damage.
The orc warrior hits you from afar with a +0 trident!
You die...

#...##.# #.
.........#...##.########
.........#..............
.........#..[...........
.........#..............
.>.......#..............
.........#..............
.....o{o.#'####.########
#@....###'####...#
#.....#...........
#.$...#...........
#.....#...........
#.....############
#######


You could see an orc warrior and an orc.

Vanquished Creatures
  Grinder (D:3)
  The ghost of osoart the Insei, an amateur DsTm of Dithmenos (D:4)
  A black bear (D:4)
  A centaur (D:4)
  A quasit (D:4)
  2 orc priests
  2 orc wizards
  Natasha (twice) (D:3)
  Robin (D:3)
  6 adders
  3 river rats (Sewer)
  A white imp (D:4)
  An ufetubus (D:2)
  A worm (D:4)
  3 dart slugs
  8 orcs
  10 endoplasms
  12 giant cockroaches
  11 goblins
  11 hobgoblins
  2 quokkas
  8 ball pythons
  6 bats
  9 frilled lizards
  12 kobolds
  12 rats
128 creatures vanquished.

Vanquished Creatures (others)
  A goblin (D:3)
  A foxfire (D:3)
2 creatures vanquished.

Grand Total: 130 creatures vanquished

Notes
Turn   | Place    | Note
-------+----------+-------------------------------------------
     0 | Abyss:1  | gobodom the Demonspawn Abyssal Knight began the quest for
                  | the Orb.
     0 | Abyss:1  | Reached XP level 1. HP: 18/18 MP: 2/2
     1 | D:1      | Escaped the Abyss
    44 | D:1      | Found a faded altar of an unknown god.
    53 | D:1      | Reached * piety under Lugonu
    54 | D:1      | Reached skill level 1 in Dodging
   244 | D:1      | Gained mutation: A meltable shield of frost defends you.
                  | (SH +0) [demonic ancestry]
   244 | D:1      | Reached XP level 2. HP: 24/24 MP: 3/3
   606 | D:1      | Gained mutation: You are partially covered in icy blue
                  | scales. (AC +2) [demonic ancestry]
   606 | D:1      | Reached XP level 3. HP: 24/29 MP: 4/4
  1215 | D:2      | Reached ** piety under Lugonu
  1824 | D:2      | Gained mutation: You have a pair of small horns on your
                  | head. [demonic ancestry]
  1824 | D:2      | Reached XP level 4. HP: 35/35 MP: 5/5
  2052 | D:3      | Found a glowing drain.
  2062 | D:3      | Reached skill level 1 in Shields
  2086 | Sewer    | Entered a sewer
  2404 | Sewer    | Gained mutation: You may rarely emit foul miasma when
                  | damaged in melee. [demonic ancestry]
  2404 | Sewer    | Reached XP level 5. HP: 41/41 MP: 6/6
  2553 | D:3      | Noticed Grinder
  2599 | D:3      | Reached skill level 1 in Staves
  2604 | D:3      | Reached *** piety under Lugonu
  2613 | D:3      | Paralysed by Grinder for 2 turns
  2619 | D:3      | Paralysed by Grinder for 6 turns
  2628 | D:3      | Paralysed by Grinder for 3 turns
  3009 | D:3      | Killed Grinder
  3010 | D:3      | Gained mutation: You are mostly covered in icy blue scales.
                  | (AC +3) [demonic ancestry]
  3010 | D:3      | Reached XP level 6. HP: 24/48 MP: 8/8
  3263 | D:3      | Noticed Natasha
  3267 | D:3      | Killed Natasha
  3333 | D:3      | Learned a level 1 spell: Foxfire
  3334 | D:3      | Noticed Robin
  3349 | D:3      | Killed Robin
  3485 | D:3      | Noticed Natasha
  3496 | D:3      | Killed Natasha
  3605 | D:3      | Gained mutation: You are completely covered in icy blue
                  | scales. (AC +4, rC+) [demonic ancestry]
  3605 | D:3      | Reached XP level 7. HP: 53/53 MP: 9/9
  3770 | D:4      | Reached skill level 4 in Fighting
  3864 | D:4      | Found a one-way gate to the infinite horrors of the Abyss.
  3864 | D:4      | Noticed osoart's ghost (amateur DsTm)
  3868 | D:4      | Found a transporter.
  3885 | D:4      | Found a transporter.
  3939 | D:4      | Killed osoart's ghost
  3988 | D:4      | Voluntarily entered the Abyss.
  3988 | Abyss:1  | Found a corrupted altar of Lugonu.
  4070 | Abyss:1  | Noticed a starcursed mass
  4084 | Abyss:1  | Noticed a hellwing
  4089 | Abyss:1  | Noticed a smoke demon
  4092 | D:4      | Escaped the Abyss
  4804 | D:4      | Mangled by an orc warrior

Illustrated notes

Levels and vault maps discovered:
D:1:      nicolae_arrival_somewhat_less_tricky_arrival, layout_loops_cross,
          chequers_ecumenical_altar_island, minivault_4
D:2:      layout_loops_ring, basic_altar, minmay_worlds_worst_comb
D:3:      wad_crossroads, layout_rooms, gup_sewer_entry_glass, uniq_grinder,
          uniq_natasha, uniq_robin
D:4:      layout_gridville, gammafunk_ghost_abyssal_escape

Skill      XL: |  1  2  3  4  5  6  7 |
---------------+----------------------+-----
Dodging        | 1 2 3 |  3.9
Long Blades    | 2 3 |  3.0
Armour         | 2 3 |  3.5
Shields        | 1 2 |  2.4
Staves         | 2 3 |  3.7
Invocations    | 3 |  3.3
Fighting       | 4 |  4.4
Stealth        | |  0.8
Conjurations   | |  0.1

Action                   |  1- 3 |  4- 6 |  7- 9 || total
-------------------------+-------+-------+-------++-------
Melee: Falchion          |   148 |       |       ||   148
       Quarterstaff      |     7 |   159 |    58 ||   224
       Punch             |     1 |       |       ||     1
       Headbutt          |       |    26 |    11 ||    37
       Rapier            |       |       |    26 ||    26
Throw: Stone             |     6 |       |       ||     6
       Dart              |       |       |     1 ||     1
 Cast: Foxfire           |       |     1 |       ||     1
Invok: Depart the Abyss  |     1 |       |     1 ||     2
       Bend Space        |       |     5 |     2 ||     7
  Use: Scroll            |     5 |     3 |     1 ||     9
       Potion            |     1 |     6 |       ||     7
 Stab: Sleeping          |       |     1 |       ||     1
Armor: Leather armour    |    62 |    58 |    58 ||   178
Dodge: Dodged            |   100 |   119 |    76 ||   295
       Repelled          |       |       |     1 ||     1
Block: Other             |    33 |    35 |    32 ||   100
